 Dungeon Crawl Stone Soup version 0.23.2-40-g277498a001 (webtiles) character file.

Game seed: 13932109152044018719

23319 HawkI the Destroyer (level 13, -1/86 HPs)
             Began as a Human Conjurer on Oct 15, 2019.
             Was an Elder of Vehumet.
             Slain by an orc sorcerer
             ... wielding a +0 dagger of venom
              (2 damage)
             ... on level 2 of the Orcish Mines.
             The game lasted 02:04:19 (26498 turns).

HawkI the Destroyer (Human Conjurer)               Turns: 26498, Time: 02:04:19

Health: -1/86      AC: 16    Str: 10      XL:     13   Next: 34%
Magic:  1/30       EV: 16    Int: 17 (19) God:    Vehumet [****..]
Gold:   941        SH:  0    Dex: 14      Spells: 14/38 levels left

rFire    . . .     SeeInvis .   E - staff of wizardry
rCold    . . .     Gourm    .   (no shield)
rNeg     . . .     Faith    .   v - +2 robe
rPois    .         Spirit   .   f - +2 hat {MR+}
rElec    .         Reflect  .   D - +2 cloak
rCorr    .         Harm     .   K - +2 pair of gloves
MR       +....                  G - +2 pair of boots
Stlth    +++.......             H - amulet of regeneration
HPRegen  0.64/turn              s - +1 ring of protection
MPRegen  0.22/turn              p - ring of wizardry

@: lethally poisoned (-1 -> -10), studying Unarmed Combat, lightly drained
A: no striking features
a: Renounce Religion


You were on level 2 of the Orcish Mines.
You worshipped Vehumet.
Vehumet was greatly pleased with you.
You were hungry.

You visited 4 branches of the dungeon, and saw 15 of its levels.
You also visited: Ossuary.

You collected 1507 gold pieces.
You spent 566 gold pieces at shops.

Inventory:

Armour
 f - a +2 hat of magic resistance (worn)
 v - a +2 robe (worn)
 C - the +0 robe of Futia {rPois rF+}
   (You bought it in a shop on level 7 of the Dungeon)

   It protects you from fire.
   It protects you from poison.
 D - a +2 cloak (worn)
 G - a +2 pair of boots (worn)
 K - a +2 pair of gloves (worn)
Magical Staves
 E - an uncursed staff of wizardry (weapon)
Jewellery
 g - an uncursed ring of stealth
 p - a ring of wizardry (right hand)
 q - an uncursed ring of see invisible
 s - a +1 ring of protection (left hand)
 u - an uncursed ring of positive energy
 w - an uncursed amulet of guardian spirit {unknown}
 A - the ring of the Shining Light {MR+ Str+2}
   (You found it on level 8 of the Dungeon)

   [ring of strength]

   It affects your strength (+2).
   It affects your resistance to hostile enchantments.
 H - an amulet of regeneration (around neck)
 J - a cursed amulet of inaccuracy {unknown}
Wands
 a - a wand of digging (5)
Scrolls
 d - a scroll of fear {unknown}
 e - 4 scrolls of remove curse
 i - a scroll of random uselessness {unknown}
 n - a scroll of enchant weapon {unknown}
 o - 2 scrolls of amnesia
 r - 2 scrolls of noise
 y - 6 scrolls of magic mapping
 z - a scroll of vulnerability {unknown}
 B - a scroll of blinking {unknown}
Potions
 b - 2 potions of mutation
 h - 2 potions of berserk rage
 j - 5 potions of curing
 k - a potion of flight
 l - 2 potions of degeneration
 m - a potion of haste
 x - a potion of cancellation
Books
 F - a manual of Unarmed Combat
Miscellaneous
 I - a crystal ball of energy
Comestibles
 c - 12 rations


   Skills:
 + Level 3.2(3.1) Fighting
 + Level 6.9(6.8) Dodging
 + Level 5.4(5.3) Stealth
 + Level 13.0(12.9) Spellcasting
 + Level 13.2(13.1) Conjurations
 + Level 0.5(0.4) Hexes
 + Level 1.0(0.9) Translocations
 + Level 1.0(0.9) Fire Magic
 + Level 3.3(3.2) Evocations


You had 14 spell levels left.
You knew the following spells:

 Your Spells              Type           Power        Failure   Level  Hunger
a - Magic Dart            Conj           ####         1%          1    None
b - Searing Ray           Conj           ######       1%          2    None
c - Iskenderun's Mystic   Conj           ######..     1%          4    ##.....
d - Dazzling Spray        Conj/Hex       ####..       1%          3    None
e - Force Lance           Conj/Tloc      ####....     1%          4    ##.....
f - Conjure Flame         Conj/Fire      ####....     1%          3    None
g - Throw Flame           Conj/Fire      ####..       1%          2    None
h - Lightning Bolt        Conj/Air       ####......   1%          5    ####...

Your spell library contained the following spells:

 Spells                   Type           Power        Failure   Level  Hunger
 Corona                   Hex            ##.....      1%          1    None
 Flame Tongue             Conj/Fire      ####.        1%          1    None
 Blink                    Tloc           N/A          1%          2    None
 Inner Flame              Hex/Fire       ##......     1%          3    None
 Mephitic Cloud           Conj/Pois/Air  ####....     1%          3    None
 Fulminant Prism          Conj/Hex       ####......   1%          4    ##.....
 Sticky Flame             Conj/Fire      ####....     1%          4    ##.....
 Fireball                 Conj/Fire      ####......   1%          5    ####...
 Call Imp                 Summ           ##......     2%          2    None
 Ensorcelled Hibernation  Hex/Ice        ##....       2%          2    None
 Slow                     Hex            ##......     2%          2    None
 Confuse                  Hex            ##......     4%          3    None
 Tukima's Dance           Hex            ##......     4%          3    None


Dungeon Overview and Level Annotations

Branches:
Dungeon (10/15)            Temple (1/1) D:5            Lair (2/6) D:9
  Swamp (0/4) Lair:2        Snake (0/4) Lair:2          Orc (2/2) D:9
    Elf: Orc:2

Altars:
Ashenzari
Cheibriados
Dithmenos
Elyvilon
Fedhas
Gozag
Hepliaklqana
Kikubaaqudgha
Makhleb
Nemelex Xobeh
Okawaru
Qazlal
Ru
Sif Muna
Trog
Uskayaw
Vehumet
Wu Jian
Xom
Yredelemnul
Zin
The Shining One
Beogh

Shops:
D:7 ([[}   D:9 =   Orc:2 *

Annotations:
D:3 3 runed translucent doors, Tiareth's ghost, amateur DEWz; kalagan's ghost, amateur GrEE


Message History

The orcs go into a battle-frenzy!
The orc sorcerer hits you with a +0 dagger of venom!
You are poisoned.
The orc knight hits you from afar with a +3 glaive of pain.
You writhe in agony.
You feel sick.
The orc sorcerer hits you with a +0 dagger of venom!
* * * LOW HITPOINT WARNING * * *
You are more poisoned.
You feel sick.
The orc knight unwields a +3 glaive of pain.
The orc knight wields a +0 arbalest.
The orc knight shoots a bolt.
The bolt hits you!
* * * LOW HITPOINT WARNING * * *
You see here a bolt.
You hit the orc sorcerer but do no damage.
* * * LOW HITPOINT WARNING * * *
You feel very sick.
The orc sorcerer hits you with a +0 dagger of venom.
You die...

##+##.#..
#...#.#..
###...#.##'
#.'._.[....
#.#...###'# #####
#.#...#..[.
###...#
#.#####....
###$....###.#
#..⌠.
#...@o.o(((.#
#....
###....o#####
#.... ###...#
########## #####
#...##....
###....... ###
#....)..
##.###...[)([
####...###..)<[)
##....#..##..[(..


You could see 2 orc knights and an orc sorcerer.

Vanquished Creatures
  Gastronok (Lair:1)
  An ettin (Orc:2)
  A hydra (Lair:2)
  A centaur warrior (D:9)
  3 two-headed ogres (Orc:2)
  Pikel (D:7)
  A deep elf mage (D:7)
  3 black mambas
  A spiny frog (Lair:2)
  2 komodo dragons (Lair:1)
  A polar bear (D:8)
  Prince Ribbit (D:7)
  A troll (Orc:1)
  A tyrant leech (Lair:2)
  8 blink frogs
  2 hippogriffs
  12 yaks
  3 hogs
  A human (D:7)
  A vampire mosquito (D:9)
  2 swamp worms (Lair:2)
  6 wargs
  2 hell hounds (Lair:2)
  9 water moccasins
  A porcupine (D:9)
  A slave (D:7)
  19 orc warriors
  3 ice beasts
  A black bear (D:7)
  11 ogres
  3 phantoms
  2 sky beasts
  5 centaurs
  2 wolves
  3 big kobolds
  4 crocodiles
  2 gnoll sergeants (D:9)
  7 bullfrogs
  2 scorpions
  3 howler monkeys
  3 electric eels
  2 bullfrog zombies
  A jelly (D:9)
  18 orc priests
  5 hounds
  A quasit (D:6)
  3 gnoll shamans
  Terence (D:2)
  12 orc wizards
  A bullfrog skeleton (D:5)
  4 mummies (Ossuary)
  An iguana (D:5)
  4 worker ants
  A bullfrog simulacrum (D:8)
  3 hound zombies
  A worker ant zombie (D:8)
  Robin (D:4)
  24 gnolls
  28 adders
  A shadow imp (D:5)
  An ooze (D:4)
  2 adder skeletons (D:4)
  An adder zombie (D:6)
  3 dart slugs
  2 leopard geckos
  84 orcs
  3 ball pythons
  6 giant cockroaches
  11 hobgoblins
  20 jackals
  8 kobolds
  5 quokkas
  8 bats
  3 frilled lizards
  9 goblins
  A jackal skeleton (D:4)
  A leopard gecko skeleton (D:2)
  A leopard gecko zombie (D:7)
  5 rats
  A rat zombie (D:6)
  A plant (Lair:2)
425 creatures vanquished.

Vanquished Creatures (others)
  An orc sorcerer (Orc:2)
  2 ogres (Orc:2)
  A wyvern skeleton (D:8)
  A scorpion (D:7)
  A bullfrog zombie (D:7)
  An orc priest (Orc:2)
  A leopard gecko (D:7)
  2 fungi (Lair:2)
  A plant (Lair:2)
  A withered plant (Ossuary)
12 creatures vanquished.

Grand Total: 437 creatures vanquished

Notes
Turn   | Place    | Note
-------+----------+-------------------------------------------
     0 | D:1      | HawkI the Human Conjurer began the quest for the Orb.
     0 | D:1      | Reached XP level 1. HP: 13/13 MP: 3/3
   519 | D:1      | Reached XP level 2. HP: 17/19 MP: 0/5
  1663 | D:1      | Reached XP level 3. HP: 19/24 MP: 2/6
  1828 | D:2      | Learned a level 2 spell: Searing Ray
  2194 | D:2      | Reached XP level 4. HP: 30/30 MP: 4/7
  2340 | D:2      | Reached skill level 5 in Conjurations
  2667 | D:2      | Noticed Terence
  2671 | D:2      | Reached XP level 5. HP: 35/35 MP: 3/8
  2942 | D:2      | Killed Terence
  3837 | D:3      | Reached XP level 6. HP: 41/41 MP: 5/10
  4270 | D:3      | Found a bloodstained altar of Trog.
  4380 | D:3      | Found a runed translucent gate.
  4499 | D:3      | Found a runed translucent gate.
  4499 | D:3      | Found a runed translucent gate.
  4502 | D:3      | Noticed Tiareth's ghost (amateur DEWz)
  4502 | D:3      | Noticed kalagan's ghost (amateur GrEE)
  4542 | D:3      | Found a snail-covered altar of Cheibriados.
  5227 | D:4      | Reached XP level 7. HP: 46/46 MP: 7/12
  5600 | D:4      | Noticed Robin
  5624 | D:4      | Killed Robin
  6264 | D:4      | Found a blossoming altar of Fedhas.
  6297 | D:5      | Entered Level 5 of the Dungeon
  6525 | D:5      | Found a sacrificial altar of Ru.
  6716 | D:5      | Found a glowing silver altar of Zin.
  6759 | D:5      | Reached XP level 8. HP: 44/53 MP: 15/15
  7180 | D:5      | Found a staircase to the Ecumenical Temple.
  7197 | Temple   | Entered the Ecumenical Temple
  7382 | D:5      | Reached skill level 5 in Spellcasting
  7641 | D:5      | Learned a level 4 spell: Iskenderun's Mystic Blast
  8112 | D:6      | Learned a level 3 spell: Dazzling Spray
  8162 | D:6      | Found a sand-covered staircase.
  8172 | Ossuary  | Entered an ossuary
  8828 | D:6      | Reached XP level 9. HP: 58/58 MP: 0/18
  9031 | D:6      | Reached skill level 1 in Fighting
  9607 | D:6      | Found a hazy altar of Hepliaklqana.
  9607 | D:6      | Found a shattered altar of Ashenzari.
  9612 | D:6      | Found a hide-covered altar of Uskayaw.
  9614 | D:6      | Found a sacrificial altar of Ru.
  9615 | D:6      | Found an ornate altar of the Wu Jian Council.
  9663 | D:7      | Noticed Prince Ribbit
  9925 | D:7      | Killed Prince Ribbit
 10047 | D:7      | Found Daejee's Antique Armour Boutique.
 10231 | D:7      | Found Deqaossen's Antique Weapon Boutique.
 10580 | D:7      | Found a basalt altar of Yredelemnul.
 10584 | D:7      | Noticed Pikel
 11157 | D:7      | Killed Pikel
 11157 | D:7      | Reached XP level 10. HP: 67/67 MP: 4/22
 11746 | D:7      | Found a glowing golden altar of the Shining One.
 11748 | D:7      | Noticed an angel
 11757 | D:7      | Noticed a profane servitor
 11766 | D:7      | Found Jegruby's Antique Armour Emporium.
 11769 | D:7      | Found Hutz's Gadget Boutique.
 11841 | D:7      | Reached skill level 5 in Dodging
 11949 | D:7      | Noticed a deep elf mage
 11957 | D:7      | Killed a deep elf mage
 12602 | D:8      | Reached skill level 5 in Stealth
 12797 | D:8      | Found a radiant altar of Vehumet.
 12805 | D:8      | Became a worshipper of Vehumet
 13212 | D:8      | Got a heavily runed lapis lazuli ring
 13222 | D:8      | Identified the ring of the Shining Light {MR+ Str+2} (You
                  | found it on level 8 of the Dungeon)
 13235 | D:8      | Learned a level 4 spell: Force Lance
 13239 | D:8      | Learned a level 3 spell: Conjure Flame
 13304 | D:8      | Reached skill level 10 in Conjurations
 13732 | D:9      | Reached XP level 11. HP: 73/73 MP: 3/24
 13741 | D:9      | Found Yjoastru's Jewellery Boutique.
 14223 | D:9      | Noticed a centaur warrior
 14496 | D:9      | Found a staircase to the Lair.
 15051 | D:9      | Reached * piety under Vehumet
 15051 | D:9      | Offered knowledge of Freeze by Vehumet.
 15302 | D:9      | Reached skill level 10 in Spellcasting
 15493 | D:9      | Found a staircase to the Orcish Mines.
 16108 | D:9      | Reached ** piety under Vehumet
 16109 | D:9      | Offered knowledge of Throw Frost by Vehumet.
 16470 | D:7      | Bought an ominously black robe for 136 gold pieces
 16470 | D:7      | Bought an embroidered cloak for 180 gold pieces
 16470 | D:7      | Bought a pair of runed boots for 180 gold pieces
 16500 | D:7      | Identified the cursed +0 robe of Futia {rPois rF+} (You
                  | bought it in a shop on level 7 of the Dungeon)
 16560 | Lair:1   | Entered Level 1 of the Lair of Beasts
 18030 | Lair:1   | Reached skill level 1 in Evocations
 18257 | Lair:1   | Noticed Gastronok
 19189 | Lair:1   | Killed Gastronok
 19189 | Lair:1   | Reached XP level 12. HP: 80/80 MP: 10/27
 19363 | Lair:2   | Found a dark tunnel.
 19491 | Orc:1    | Entered Level 1 of the Orcish Mines
 20228 | Orc:1    | Found a roughly hewn altar of Beogh.
 20379 | Orc:2    | Entered Level 2 of the Orcish Mines
 20496 | Orc:2    | Offered knowledge of Inner Flame by Vehumet.
 20573 | Orc:2    | Noticed a two-headed ogre
 20578 | Orc:2    | Killed a two-headed ogre
 20588 | Orc:2    | Reached *** piety under Vehumet
 20813 | Orc:2    | Noticed a two-headed ogre
 20817 | Orc:2    | Killed a two-headed ogre
 21497 | Orc:2    | Learned a level 2 spell: Throw Flame
 21546 | Orc:2    | Noticed an ettin
 21587 | Orc:2    | Offered knowledge of Ignite Poison by Vehumet.
 22051 | Orc:2    | Found a roughly hewn altar of Beogh.
 22103 | Orc:2    | Reached **** piety under Vehumet
 22439 | Orc:2    | Offered knowledge of Lightning Bolt by Vehumet.
 22446 | Orc:2    | Learned a level 5 spell: Lightning Bolt
 22754 | D:9      | Killed a centaur warrior
 23018 | Lair:2   | Found a staircase to the Snake Pit.
 23033 | Lair:2   | Reached skill level 1 in Fire Magic
 23543 | Lair:2   | Noticed an eight-headed hydra
 23550 | Lair:2   | Killed an eight-headed hydra
 23550 | Lair:2   | Reached XP level 13. HP: 86/86 MP: 4/29
 24846 | Lair:2   | Found a staircase to the Swamp.
 25122 | D:7      | Bought an embroidered robe for 70 gold pieces
 25206 | D:10     | Entered Level 10 of the Dungeon
 25433 | Orc:2    | Killed an ettin
 25891 | Orc:2    | Reached skill level 1 in Translocations
 26328 | Orc:2    | Noticed an orc warlord
 26470 | Orc:2    | Found Vositot's General Store.
 26497 | Orc:2    | HP: 3/86 [orc knight/bolt (17)]
 26498 | Orc:2    | HP: 1/86 [poisoned by an orc sorcerer]
 26498 | Orc:2    | Slain by an orc sorcerer

Skill      XL: |  1  2  3  4  5  6  7  8  9 10 11 12 13 |
---------------+----------------------------------------+-----
Conjurations   | 5 6 7 9 10 11 12 13 | 13.2
Spellcasting   | 3 4 6 8 9 11 12 13 | 13.0
Stealth        | 3 4 5 |  5.4
Dodging        | 3 4 5 6 |  6.9
Fighting       | 2 3 |  3.2
Evocations     | 2 3 |  3.3
Fire Magic     | 1 |  1.0
Translocations | 1 |  1.0
Hexes          | |  0.5

Action                   |  1- 3 |  4- 6 |  7- 9 | 10-12 | 13-15 || total
-------------------------+-------+-------+-------+-------+-------++-------
Melee: Staff             |       |       |       |     2 |     1 ||     3
 Cast: Magic Dart        |    58 |    86 |   181 |   347 |    35 ||   707
       Searing Ray       |     3 |    19 |    23 |    40 |     4 ||    89
       Iskenderun's Myst |       |       |    46 |   246 |    70 ||   362
       Dazzling Spray    |       |       |       |     6 |       ||     6
       Conjure Flame     |       |       |       |     8 |     1 ||     9
       Force Lance       |       |       |       |     5 |     7 ||    12
       Throw Flame       |       |       |       |     1 |       ||     1
       Lightning Bolt    |       |       |       |       |     7 ||     7
Evoke: Wand              |       |       |     2 |    25 |     4 ||    31
       Crystal ball of e |       |       |       |       |     3 ||     3
  Use: Scroll            |       |     7 |     8 |     9 |     2 ||    26
       Potion            |       |     2 |     4 |    11 |       ||    17
  Eat: Chunk             |     5 |    10 |    16 |    20 |     6 ||    57
       Ration            |       |       |     3 |     8 |     2 ||    13
Armor: Robe              |    10 |     3 |    23 |    40 |    10 ||    86
       Skin              |       |       |    10 |       |       ||    10
Dodge: Dodged            |    36 |    29 |    73 |   214 |    38 ||   390
